 Dungeon Crawl Stone Soup version 0.28.0-43-g3370ac3207 (webtiles) character file.

Game seed: 8871950167369281763

2057 Zeld the Thaumaturge (level 9, -5/45 HPs)
             Began as a Deep Elf Fire Elementalist on Mar 22, 2022.
             Was a Follower of Vehumet.
             Slain by a gnoll shaman
             ... wielding a +0 trident
              (6 damage)
             ... in a bailey.
             The game lasted 00:07:57 (8939 turns).

Zeld the Thaumaturge (Deep Elf Fire Elementalist)   Turns: 8939, Time: 00:07:57

Health: -5/45      AC:  5    Str:  5    XL:     9   Next: 5%
Magic:  13/24      EV: 13    Int: 25    God:    Vehumet [*.....]
Gold:   48         SH:  0    Dex: 15    Spells: 0/26 levels left

rFire   . . .      SeeInvis .   m - +2 dagger (venom)
rCold   . . .      Faith    .   (no shield)
rNeg    . . .      Spirit   .   r - +0 robe
rPois   .          Reflect  .   j - +0 helmet
rElec   .          Harm     .   (no cloak)
rCorr   .          Rampage  .   i - +0 pair of gloves
Will    .....                   l - +0 pair of boots
Stlth   +++.......              (no amulet)
HPRegen 0.15/turn               (no ring)
MPRegen 0.19/turn               (no ring)

@: no status effects
A: no striking features
a: Renounce Religion


You were in a bailey.
You worshipped Vehumet.
Vehumet was aware of your devotion.
You visited 2 branches of the dungeon, and saw 8 of its levels.
You also visited: Bailey.

You collected 306 gold pieces.
You spent 258 gold pieces at shops.

Inventory:

Hand Weapons
 m - a +2 dagger of venom (weapon)
Armour
 i - a +0 pair of gloves (worn)
 j - a +0 helmet (worn)
 l - a +0 pair of boots (worn)
 r - a +0 robe (worn)
Wands
 p - a wand of digging (4)
Scrolls
 a - a scroll of silence
 c - 2 scrolls of fog
 s - a scroll of blinking {unknown}
 t - a scroll of magic mapping {unknown}
 v - a scroll of fear {unknown}
 w - 2 scrolls of enchant armour {unknown}
Potions
 b - a potion of might {unknown}
 d - 7 potions of curing {unknown}
 e - a potion of haste {unknown}
 f - a potion of heal wounds {unknown}
 g - a potion of lignification {unknown}
 h - a potion of cancellation {unknown}
 n - a potion of degeneration {unknown}
 o - 2 potions of brilliance {unknown}
 u - a potion of flight {unknown}


   Skills:
 - Level 4.0 Dodging
 + Level 6.4 Stealth
 * Level 9.3 Spellcasting
 + Level 5.0 Conjurations
 * Level 8.1 Fire Magic


You couldn't memorise any spells.
You knew the following spells:

 Your Spells              Type           Power      Damage    Failure   Level
a - Foxfire               Conj/Fire      100%       2x1d9     1%          1
b - Scorch                Fire           100%       2d10      1%          2
c - Flame Wave            Conj/Fire      44%        2d10      3%          4
d - Fireball              Conj/Fire      22%        3d10      10%         5
e - Starburst             Conj/Fire      22%        6d7       47%         6
f - Ignition              Fire           25%        3d9       100%        8

Your spell library contained the following spells:

 Spells                   Type           Power      Damage    Failure   Level
 Sandblast                Erth           22%        2d7       5%          1
 Conjure Flame            Conj/Fire      44%        6-21      1%          3
 Inner Flame              Hex/Fire       32%        N/A       3%          3
 Animate Skeleton         Necr           22%        N/A       5%          1
 Apportation              Tloc           22%        N/A       5%          1
 Summon Small Mammal      Summ           44%        N/A       5%          1
 Cause Fear               Hex            5%         N/A       45%         4
 Dragon Form              Tmut           5%         N/A       100%        7
 Dragon's Call            Summ           5%         N/A       100%        9


Dungeon Overview and Level Annotations

Branches:
Dungeon (7/15)             Temple (1/1) D:6          Bailey (1/1)

Altars:
Ashenzari
Cheibriados
Dithmenos
Elyvilon
Fedhas
Gozag
Hepliaklqana
Kikubaaqudgha
Makhleb
Nemelex Xobeh
Okawaru
Qazlal
Ru
Sif Muna
Trog
Uskayaw
Vehumet
Wu Jian
Xom
Yredelemnul
Zin
The Shining One

Shops:
D:5 *   D:6 *


Message History

The gnoll seems to be corroded for longer.
You kill the gnoll!
Vehumet accepts your kill.
You can now gain magical power from killing.
Vehumet offers you knowledge of Sandblast.
The now-empty wand crumbles to dust.
The gnoll sergeant barely misses you.
Casting: Foxfire (safe; 1% risk of failure)
Confirm with . or Enter, or press ? or * to list all spells.
Flames lash the gnoll shaman.
The gnoll shaman is heavily wounded.
The gnoll shaman's fire resistance burns away.
The gnoll sergeant hits you from afar with a +0 glaive.
The gnoll sergeant closely misses you.
Casting: Scorch (safe; 1% risk of failure)
Confirm with . or Enter, or press ? or * to list all spells.
Flames lash the gnoll shaman.
The gnoll shaman is heavily wounded.
The gnoll sergeant hits you from afar with a +0 glaive!
The gnoll shaman hits you from afar with a +0 trident!
* * * LOW HITPOINT WARNING * * *
You don't have any such object.
Evoke which item? (* to show all) (? for menu, Esc to quit)
Okay, then.
Okay, then.
Okay, then.
Okay, then.
The gnoll sergeant barely misses you.
The gnoll shaman calls upon its god to heal the gnoll sergeant.
The gnoll sergeant is healed somewhat.
Casting: Scorch (safe; 1% risk of failure)
Confirm with . or Enter, or press ? or * to list all spells.
Flames lash the gnoll sergeant.
You kill the gnoll sergeant!
Vehumet accepts your kill.
Unknown command.
Casting: Scorch (safe; 1% risk of failure)
Confirm with . or Enter, or press ? or * to list all spells.
Flames lash the gnoll shaman but do no damage.
The gnoll shaman hits you from afar with a +0 trident.
You die...

#...≈≈♣♣ ###..≈.♣
♣♣# #..≈.♣♣ ..#
#..≈..♣♣♣.♣# #
#..≈.....♣.# .#
#..≈.......#
..######..≈.......#
...#...'..))......#
..g'.))').)).)g.@∩#
...#...'....).....#
..######..≈.......#
.# #..≈.......# #
#..≈.......#
#..≈..♣....#
#..≈.♣♣..♣♣#
###..≈.♣♣♣♣♣
#...≈≈♣♣


You could see a gnoll shaman (combustible).

Vanquished Creatures
  Grinder (D:3)
  A steam dragon (D:5)
  Eustachio (D:4)
  A water moccasin (D:5)
  A sky beast (D:6)
  2 black bears
  A kobold brigand (D:6)
  2 gnoll sergeants (Bailey)
  2 scorpions (D:5)
  A water moccasin zombie (D:5)
  2 water moccasin skeletons (D:4)
  A howler monkey (D:4)
  A centaur skeleton (D:6)
  3 hounds
  An orc priest (D:4)
  A gnoll shaman (Bailey)
  An orc wizard (D:4)
  Ijyb (D:3)
  Natasha (thrice) (D:4)
  An iguana (D:5)
  A killer bee zombie (D:5)
  Robin (D:3)
  10 gnolls (Bailey)
  13 adders
  A shadow imp (D:5)
  A white imp (D:6)
  2 ufetubi
  3 worms
  An adder skeleton (D:3)
  6 dart slugs
  6 orcs
  4 ball pythons
  6 endoplasms
  A giant cockroach (D:4)
  15 goblins
  9 hobgoblins
  4 quokkas
  3 bats (D:1)
  2 frilled lizards
  6 kobolds
  4 rats
127 creatures vanquished.

Vanquished Creatures (collateral kills)
  2 foxfires (D:1)
2 creatures vanquished.

Vanquished Creatures (others)
  284 foxfires
284 creatures vanquished.

Grand Total: 413 creatures vanquished

Notes
Turn   | Place    | Note
-------+----------+-------------------------------------------
     0 | D:1      | Zeld the Deep Elf Fire Elementalist began the quest for the
                  | Orb.
     0 | D:1      | Reached XP level 1. HP: 10/10 MP: 6/6
   264 | D:1      | Reached XP level 2. HP: 15/15 MP: 6/8
   267 | D:1      | Learned a level 2 spell: Scorch
   431 | D:1      | You fall into a shaft and drop 1 floor!
   570 | D:2      | Reached XP level 3. HP: 9/19 MP: 3/10
  1837 | D:2      | Reached skill level 4 in Spellcasting
  1965 | D:2      | Reached XP level 4. HP: 24/24 MP: 8/12
  1970 | D:2      | Learned a level 4 spell: Flame Wave
  2562 | D:3      | Noticed Ijyb
  2569 | D:3      | Killed Ijyb
  2975 | D:3      | Noticed Grinder
  2978 | D:3      | Paralysed by Grinder for 2 turns
  2982 | D:3      | Killed Grinder
  2983 | D:3      | Reached skill level 5 in Spellcasting
  2983 | D:3      | Reached XP level 5. HP: 21/28 MP: 6/14
  2983 | D:3      | Reached XP level 6. HP: 24/32 MP: 6/15
  2989 | D:3      | Learned a level 5 spell: Fireball
  3157 | D:3      | Noticed Robin
  3162 | D:3      | Killed Robin
  3163 | D:3      | Reached skill level 5 in Fire Magic
  3667 | D:3      | Found a faded altar of an unknown god.
  4269 | D:4      | Reached skill level 6 in Spellcasting
  4405 | D:4      | Noticed Natasha
  4409 | D:4      | Killed Natasha
  4410 | D:4      | Reached XP level 7. HP: 32/36 MP: 13/18
  4537 | D:4      | Learned a level 6 spell: Starburst
  4741 | D:4      | Noticed Eustachio
  4775 | D:4      | Found an opulent altar of Gozag.
  5020 | D:5      | Entered Level 5 of the Dungeon
  5113 | D:4      | Found an opulent altar of Gozag.
  5286 | D:4      | Noticed Natasha
  5293 | D:4      | Killed Natasha
  5492 | D:4      | Noticed Natasha
  5498 | D:4      | Killed Natasha
  5933 | D:5      | Noticed a steam dragon
  5939 | D:5      | Reached skill level 7 in Spellcasting
  6036 | D:5      | Killed a steam dragon
  6037 | D:5      | Reached skill level 5 in Stealth
  6228 | D:5      | Reached XP level 8. HP: 33/41 MP: 13/21
  6309 | D:5      | Found Sixeadwa's Serpentskin Sales.
  6388 | D:5      | Bought a +2 ring mail of poison resistance for 198 gold
                  | pieces
  6524 | D:5      | Reached skill level 8 in Spellcasting
  6972 | D:6      | Found Pimo's Assorted Antiques.
  6982 | D:6      | Bought a dark potion for 30 gold pieces
  6982 | D:6      | Bought a silvery potion for 30 gold pieces
  7253 | D:6      | Found a staircase to the Ecumenical Temple.
  7517 | Temple   | Entered the Ecumenical Temple
  7636 | Temple   | Became a worshipper of Vehumet
  7896 | D:4      | Killed Eustachio
  8316 | D:7      | Found a flagged portal.
  8328 | Bailey   | Entered a bailey
  8334 | Bailey   | Reached skill level 9 in Spellcasting
  8907 | Bailey   | Reached XP level 9. HP: 45/45 MP: 18/24
  8916 | Bailey   | Learned a level 8 spell: Ignition
  8922 | Bailey   | Reached skill level 5 in Conjurations
  8933 | Bailey   | Reached * piety under Vehumet
  8933 | Bailey   | Offered knowledge of Sandblast by Vehumet.
  8935 | Bailey   | HP: 1/45 [gnoll shaman/+0 trident (14)]
  8939 | Bailey   | Slain by a gnoll shaman

Illustrated notes

Levels and vault maps discovered:
D:1:      roderic_crop_circles_arrival_large, layout_basic,
          serial_park_tiny_pond
D:2:      layout_basic
D:3:      layout_basic, shapermc_ecumenical_altar_mp_highgroup, uniq_ijyb,
          uniq_grinder, uniq_robin
D:4:      layout_basic, mainiacjoe_overflow_small_starburst,
          supply_closet_lemuel, minivault_4, chequers_serial_rivers_micro_d,
          uniq_eustachio, uniq_natasha
D:5:      layout_rooms, guppyfry_shop_venom
D:6:      layout_basic, minmay_temple_entry_glassed_door, serial_shops, shop
D:7:      minmay_klotski, layout_basic, enter_bailey_3, minmay_hedge_maze
Temple:   mainiacjoe_temple_hex_bubbles
Bailey:   bailey_polearm_gnolls_kennysheep, bailey

Skill      XL: |  1  2  3  4  5  6  7  8  9 |
---------------+----------------------------+-----
Dodging        | 3 4 |  4.0
Stealth        | 3 4 5 6 |  6.4
Fire Magic     | 4 5 6 8 |  8.1
Spellcasting   | 4 5 6 7 9 |  9.3
Conjurations   | 2 3 4 5 |  5.0

Action                   |  1- 3 |  4- 6 |  7- 9 || total
-------------------------+-------+-------+-------++-------
Melee: Unarmed           |     1 |       |       ||     1
       Dagger            |       |     6 |    10 ||    16
 Cast: Foxfire           |    64 |    89 |    18 ||   171
       Scorch            |     3 |    24 |    88 ||   115
       Flame Wave        |       |       |     2 ||     2
Evoke: Wand              |       |       |     8 ||     8
  Use: Scroll            |       |       |     4 ||     4
Armor: Robe              |     1 |     6 |    14 ||    21
       Ring mail         |       |       |     1 ||     1
Dodge: Dodged            |     7 |     7 |    60 ||    74
